 Dungeon Crawl Stone Soup version 0.31.0-1-g2c135a0 (webtiles) character file.

Game seed: 2532119971906614012

2903 Kel the Basher (level 9, 0/88 HPs)
             Began as a Gargoyle Berserker on Feb 10, 2024.
             Was an Elder of Trog.
             Slain by an orc warlord
             ... wielding a +5 battleaxe
              (4 damage)
             ... in a bailey.
             The game lasted 00:15:30 (6026 turns).

Kel the Basher (Gargoyle Berserker)                 Turns: 6026, Time: 00:15:31

Health: 0/88       AC: 23    Str: 26    XL:     9   Next: 78%
Magic:  9/9        EV:  7    Int:  7    God:    Trog [****..]
Gold:   375        SH:  0    Dex:  9    Spells: 8/8 levels left

rFire   + + .        u - +4 mace
rCold   . . .        (no shield)
rNeg    + . .        t - +0 plate armour
rPois   ∞            (no helmet)
rElec   +            o - +0 cloak
rCorr   .            r - +1 pair of gloves
SInv    .            (no boots)
Will    .....        (no amulet) Stlth
                     d - ring of protection from fire
HPRegen 0.34/turn    i - ring of protection from fire
MPRegen 0.11/turn

%: no passive effects
@: berserking (expiring), very quick
A: sickness immunity, AC +6, negative energy resistance 1, electricity
resistance, torment resistance 1, petrification resistance
a: Renounce Religion, Berserk, Trog's Hand, Brothers in Arms


You were in a bailey.
You worshipped Trog.
Trog was greatly pleased with you.
You visited 1 branch of the dungeon, and saw 7 of its levels.
You also visited: Bailey.

You collected 375 gold pieces.

Inventory:

Hand Weapons
 u - a +4 mace (weapon)
Armour
 o - a +0 cloak (worn)
 r - a +1 pair of gloves (worn)
 t - a +0 plate armour (worn)
Jewellery
 d - a ring of protection from fire (left hand)
 i - a ring of protection from fire (right hand)
Wands
 s - a wand of flame (10)
Scrolls
 a - 2 scrolls of enchant armour {unknown}
 b - 2 scrolls of vulnerability {unknown}
 e - a scroll of silence {unknown}
 g - 2 scrolls of identify
 h - a scroll of torment {unknown}
 j - 3 scrolls of fog {unknown}
 k - a scroll of revelation {unknown}
 l - a scroll of enchant weapon {unknown}
 m - 3 scrolls of teleportation {unknown}
 w - a scroll of noise {unknown}
Potions
 c - a potion of resistance {unknown}
 f - a potion of heal wounds {unknown}
 n - a potion of attraction {unknown}
 p - 2 potions of lignification
 q - 3 potions of haste {unknown}
 v - 2 potions of might {unknown}
 x - a potion of brilliance {unknown}


   Skills:
 + Level 8.0 Fighting
 * Level 9.9 Maces & Flails
 + Level 7.5 Armour
 - Level 1.5 Dodging


You had 8 spell levels left.
You didn't know any spells.
Your spell library was empty.

Dungeon Overview and Level Annotations

Branches:
Dungeon (7/15)             Bailey (1/1)
 Temple: D:4-7

Altars:
Ashenzari
Gozag
Nemelex Xobeh
Sif Muna
Uskayaw

Shops:
D:2 =?=[   D:3 =

Annotations:
D:7 1 runed translucent door, Endbringerleviathan's ghost, novice NaFE


Innate Abilities, Weirdness & Mutations

You are immune to sickness and miasma.
Your stone body is resilient. (AC +6)
You are immune to poison.
You resist negative energy. (rN+)
You are resistant to electric shocks. (rElec)
You are resistant to unholy torment.
You are immune to petrification.


Message History

You barely miss the orc warlord.
The orc warlord is lightly wounded.
The orc warlord hits you with a +5 battleaxe.
The orc warrior hits you with a +0 broad axe.
You closely miss the orc warlord.
The orc warlord is lightly wounded.
The orc warlord completely misses you.
You hit the orc warlord.
The orc warlord is lightly wounded.
The orc warrior hits you with a +0 broad axe.
You sock the orc warlord!
The orc warlord is moderately wounded.
The orc warlord hits you with a +5 battleaxe.
The orc warrior hits you but does no damage.
You hit the orc warlord.
The orc warlord is moderately wounded.
The orc warlord hits you but does no damage.
You closely miss the orc warlord.
The orc warlord is moderately wounded.
The orc warrior hits you but does no damage.
You hit the orc warlord but do no damage.
The orc warlord is moderately wounded.
The orc warlord hits you with a +5 battleaxe!
The orc warrior hits you with a +0 broad axe!
* * * LOW HITPOINT WARNING * * *
You hit the orc warlord.
The orc warlord is moderately wounded.
You sock the orc warlord!
The orc warlord is moderately wounded.
The orc warrior no longer looks unusually strong.
The orc warlord roars a battlecry!
The orc warrior goes into a battle-frenzy!
The orc warrior hits you with a +0 broad axe!!
* * * LOW HITPOINT WARNING * * *
Unknown command.
Unknown command.
You bludgeon the orc warlord!!
The orc warlord is heavily wounded.
The orc warlord hits you with a +5 battleaxe.
You die... ##'####...g.......####)## ##.....##.........##.....## #.......#..g......#.......# ##.......##o......##.......## #.........# ..... #.........# ##.........## .gg

##.........##
#.....⌠.....###g###.....⌠.....#
##.........##88o88##.........##
#.........#..@o...#.........#
##......)##.......##.......##
#.....)))........)'.......#
##.....##........)##.....##
#######.....⌠.....#######
##.........## #.........#
##.......## #.......#


You could see an orc warlord, an orc warrior (strong), 2 gnolls and a hobgoblin.

Vanquished Creatures
  Pikel (D:7)
  An orc knight (Bailey)
  7 orc warriors (Bailey)
  An ice beast (D:7)
  2 phantoms (D:5)
  A bullfrog (D:7)
  A kobold brigand (D:7)
  A gnoll sergeant (D:7)
  A scorpion (D:5)
  A howler monkey (D:4)
  A bombardier beetle (D:4)
  An orc priest (D:5)
  4 hounds
  A gnoll bouda (D:5)
  A jelly (D:4)
  An orc wizard (D:5)
  7 iguanas
  2 adders
  18 gnolls
  A shadow imp (D:7)
  A white imp (D:3)
  3 dart slugs
  A ribbon worm (D:3)
  25 orcs
  4 ball pythons
  3 bats (D:1)
  6 endoplasms
  A giant cockroach (D:1)
  21 goblins
  20 hobgoblins
  6 jackals
  25 kobolds
  8 quokkas
  3 frilled lizards
  9 rats
190 creatures vanquished.

Notes
Turn   | Place    | Note
-------+----------+-------------------------------------------
     0 | D:1      | Kel the Gargoyle Berserker began the quest for the Orb.
     0 | D:1      | Reached XP level 1. HP: 14/14 MP: 1/1
   103 | D:1      | Reached XP level 2. HP: 16/19 MP: 2/2
   328 | D:1      | Reached XP level 3. HP: 16/23 MP: 3/3
   609 | D:2      | Found Guliph Tipt's Magic Scroll Shop.
   818 | D:2      | Found Zyruate's Jewellery Shop.
   848 | D:2      | Reached ** piety under Trog
  1044 | D:2      | Found Otsero's Jewellery Emporium.
  1148 | D:2      | Reached skill level 4 in Maces & Flails
  1425 | D:2      | Found Onemo's Armour Shop.
  1583 | D:3      | Reached XP level 4. HP: 27/29 MP: 4/4
  1742 | D:3      | Found a hide-covered altar of Uskayaw.
  2135 | D:3      | Found Hahoul's Jewellery Boutique.
  2519 | D:4      | Found an opulent altar of Gozag.
  2533 | D:4      | Reached XP level 5. HP: 33/33 MP: 5/5
  2627 | D:4      | Reached skill level 5 in Maces & Flails
  2627 | D:4      | Reached XP level 6. HP: 38/39 MP: 6/6
  2825 | D:4      | Found a broken altar of Ashenzari.
  2827 | D:4      | Found a shimmering blue altar of Sif Muna.
  3035 | D:4      | Found a sparkling altar of Nemelex Xobeh.
  3348 | D:5      | Entered Level 5 of the Dungeon
  3382 | D:5      | Reached skill level 5 in Fighting
  3495 | D:5      | Reached XP level 7. HP: 35/44 MP: 7/7
  3586 | D:5      | Reached *** piety under Trog
  3784 | D:5      | Reached skill level 6 in Maces & Flails
  4217 | D:5      | Reached skill level 5 in Armour
  4289 | D:5      | Reached XP level 8. HP: 28/51 MP: 8/8
  4585 | D:6      | Reached skill level 7 in Maces & Flails
  4724 | D:6      | You fall into a shaft and drop 1 floor!
  4862 | D:7      | Found a runed translucent door.
  4862 | D:7      | Noticed Endbringerleviathan's ghost (novice NaFE)
  4987 | D:7      | Noticed Pikel
  4990 | D:7      | Reached **** piety under Trog
  5001 | D:7      | Killed Pikel
  5002 | D:7      | Reached skill level 8 in Maces & Flails
  5210 | D:7      | Reached XP level 9. HP: 56/56 MP: 9/9
  5350 | D:7      | Found a flagged portal.
  5369 | Bailey   | Entered a bailey
  5484 | Bailey   | Reached skill level 9 in Maces & Flails
  5826 | Bailey   | Noticed an orc knight
  5846 | Bailey   | Killed an orc knight
  6006 | Bailey   | Noticed an orc warlord
  6025 | Bailey   | HP: 4/88 [orc warrior/+0 broad axe (20)]
  6026 | Bailey   | Slain by an orc warlord

Illustrated notes

Levels and vault maps discovered:
D:1:      ebering_trefoil_twist, layout_rooms, minmay_misc_feat_nine_boxes
D:2:      wad_crossroads, layout_basic, serial_shops, shop,
          nicolae_shop_pleasant_corner_grove, shop, nicolae_shop_stone,
          dreamdust_princess_bridge
D:3:      layout_loops_cross, mainiacjoe_overflow_24_doors, serial_shops, shop
D:4:      layout_loops_cross, jmf_multi_god_temple, grunt_gozag_statues,
          nemelex_dance_club_becter, hangedman_decor_peaks_small
D:5:      layout_loops_corners
D:6:      hellmonk_crumbling_castle, layout_basic, lemuel_round_altar,
          ebering_ghost_disaster_area, uniq_maggie
D:7:      kennysheep_kobold_camp, layout_loops_ring, kennysheep_ying_yang,
          enter_bailey_5, hellmonk_ghost_happy_afterlife, uniq_pikel
Bailey:   bailey_axe_minmay_hex_keep, bailey

Skill      XL: |  1  2  3  4  5  6  7  8  9 |
---------------+----------------------------+-----
Maces & Flails | 4 5 6 8 9 |  9.9
Armour         | 3 4 5 6 7 |  7.5
Fighting       | 4 5 6 8 |  8.0
Dodging        | |  1.5

Action                     |  1- 3 |  4- 6 |  7- 9 || total
---------------------------+-------+-------+-------++-------
  Melee: Mace              |   126 |    73 |   260 ||   459
         Punch             |     1 |     2 |     1 ||     4
         Flail             |       |    72 |    90 ||   162
 Invoke: Berserk           |     1 |     2 |     7 ||    10
         Trog's Hand       |       |       |     1 ||     1
  Evoke: Wand              |       |       |     1 ||     1
    Use: Potion            |       |       |     2 ||     2
         Scroll            |       |       |     1 ||     1
 Armour: Animal skin       |    60 |       |       ||    60
         Ring mail         |    35 |    27 |       ||    62
         Scale mail        |       |    52 |       ||    52
         Chain mail        |       |    18 |    30 ||    48
         Plate armour      |       |       |   405 ||   405
  Dodge: Dodged            |    93 |    56 |   143 ||   292
